[Event "Team 45 45 League T68"]
[Site "Internet Chess Club"]
[Date "2016.03.21"]
[Round "2"]
[White "Pomberito"]
[Black "Agarnez"]
[Result "1-0"]
[WhiteElo "2059"]
[BlackElo "1953"]
[Opening "QGA: Alekhine defense, Borisenko-Furman variation"]
[ECO "D21"]
[Time "20:30:55"]
[TimeControl "2700+45"]

1. d4 d5 2. c4 dxc4 3. Nf3 a6 4. e4 Bg4 5. Bxc4 e6 6. Be3 Nf6 7. Nc3 Bb4 8. Qd3
Bxc3+ 9. bxc3 b5 10. Bb3 c5 11. Bc2 Nc6 12. Ne5 Nxe5 13. dxe5 Qxd3 14. Bxd3 Nd7
15. f4 O-O-O 16. Bc2 g5 17. g3 gxf4 18. gxf4 Rhg8 19. Kf2 f6 20. exf6 Nxf6 21.
h3 Bh5 22. Rhg1 Bg6 23. f5 exf5 24. exf5 Bh5 25. Rxg8 Nxg8 26. a4 b4 27. cxb4
cxb4 28. Rc1 Kd7 29. Bb3 Nf6 30. Be6+ Ke8 31. Bb6 Rd2+ 32. Ke3 Re2+ 33. Kf4 Ne4
34. Rc7 Nc3 35. Rxh7 Re4+ 36. Kg5 {Black forfeits on time} 1-0

[Event "Team 45 45 League T68"]
[Site "Internet Chess Club"]
[Date "2016.03.22"]
[Round "2"]
[White "NAS"]
[Black "primerpaso"]
[Result "1-0"]
[WhiteElo "1689"]
[BlackElo "1823"]
[Opening "Sicilian: Najdorf, Byrne (English) attack"]
[ECO "B90"]
[Time "11:07:05"]
[TimeControl "2700+45"]

1. e4 c5 2. Nf3 d6 3. d4 cxd4 4. Nxd4 Nf6 5. Nc3 a6 6. Be3 e5 7. Nb3 Be6 8. f3
Nbd7 9. Qd2 b5 10. O-O-O Nb6 11. Bxb6 Qxb6 12. g4 h6 13. h4 Be7 14. Be2 Rc8 15.
Kb1 b4 16. Nd5 Bxd5 17. exd5 a5 18. Nc1 a4 19. g5 Nh5 20. Nd3 b3 21. cxb3 axb3
22. a3 Ng3 23. Nb4 Nxh1 24. Rxh1 hxg5 25. h5 O-O 26. Bd3 Qd4 27. Nc6 Rxc6 28.
dxc6 Rc8 29. Rc1 d5 30. Qe2 Bf6 31. Bf5 Rc7 32. Qa6 {Black forfeits on time} 1-0

[Event "Team 45 45 League T68"]
[Site "Internet Chess Club"]
[Date "2016.03.19"]
[Round "2"]
[White "Portola"]
[Black "drbishop"]
[Result "1/2-1/2"]
[WhiteElo "1723"]
[BlackElo "1784"]
[Opening "Dutch, 2.Bg5 variation"]
[ECO "A80"]
[Time "14:02:36"]
[TimeControl "2700+45"]

1. d4 f5 2. Bg5 Nf6 3. Bxf6 exf6 4. e3 g6 5. Bc4 d5 6. Bb3 Be6 7. Ne2 Bd6 8. Nd2
Nd7 9. c4 dxc4 10. Nxc4 Bxc4 11. Bxc4 Nb6 12. Bb3 Qe7 13. O-O O-O-O 14. Re1 g5
15. Qd3 Qd7 16. Nc3 a6 17. a4 Bb4 18. a5 Bxc3 19. bxc3 Nd5 20. Bc4 f4 21. e4 Ne7
22. Bxa6 Qd6 23. Bc4 g4 24. a6 g3 25. axb7+ Kd7 26. fxg3 fxg3 27. h3 Ng6 28. Ra6
c6 29. Rxc6 Kxc6 30. Bb5+ Kc7 31. Qc4+ Kb8 32. Ra1 Ne5 33. Qa4 Qb6 34. Kh1 Kxb7
35. Ba6+ Kc7 36. dxe5 fxe5 37. Qc4+ Qc6 38. Qf7+ Rd7 39. Qf5 Qxa6 40. Qxd7+ Kxd7
41. Rxa6 Rb8 42. Ra1 Kc6 43. Kg1 Kc5 44. Kf1 Kc4 45. Ke2 Kxc3 46. Ra3+ Kd4 47.
Kf3 Rf8+ 48. Kxg3 Kxe4 49. Rf3 Rxf3+ 50. gxf3+ Ke3 51. Kg2 h5 52. h4 Ke2 53. Kg3
Ke3 54. Kg2 Ke2 55. Kg3 Ke3 {Game drawn by mutual agreement} 1/2-1/2

[Event "Team 45 45 League T68"]
[Site "Internet Chess Club"]
[Date "2016.03.19"]
[Round "2"]
[White "Axagus"]
[Black "QuieroAprender"]
[Result "1/2-1/2"]
[WhiteElo "1755"]
[BlackElo "1651"]
[Opening "QGD Slav accepted: Alapin variation"]
[ECO "D16"]
[Time "13:42:44"]
[TimeControl "2700+45"]

1. Nf3 Nf6 2. c4 c6 3. d4 d5 4. Nc3 dxc4 5. a4 Nd5 6. e4 Nxc3 7. bxc3 b5 8. Ne5
Qd6 9. Ba3 Qf6 10. Be2 Nd7 11. Ng4 Qg6 12. e5 Nb6 13. axb5 Nd5 14. Bf3 Bxg4 15.
Bxg4 cxb5 16. Bf3 e6 17. Bxf8 Rxf8 18. Qd2 Ke7 19. O-O Rfd8 20. Qb2 a6 21. Qa3+
Ke8 22. Rfb1 Qd3 23. Qa5 Nxc3 24. Bxa8 Rxa8 25. Rf1 Qxd4 26. Qc7 {Game drawn by
mutual agreement} 1/2-1/2

[Event "Team 45 45 League T68"]
[Site "Internet Chess Club"]
[Date "2016.03.21"]
[Round "2"]
[White "The7thGuest"]
[Black "mejker"]
[Result "0-1"]
[WhiteElo "1941"]
[BlackElo "2129"]
[Opening "Pirc: Ufimtsev-Pytel variation"]
[ECO "B07"]
[Time "14:02:22"]
[TimeControl "2700+45"]

1. e4 d6 2. d4 Nf6 3. Nc3 c6 4. f4 Qa5 5. Bd3 b5 6. e5 b4 7. Ne4 Nxe4 8. Bxe4 d5
9. Bd3 c5 10. dxc5 e6 11. Bd2 Bxc5 12. Nf3 Qb6 13. Qe2 Nc6 14. g4 a5 15. f5 exf5
16. gxf5 O-O 17. f6 g6 18. Qg2 Re8 19. O-O-O Nxe5 20. Nxe5 Rxe5 21. Rde1 Qxf6
22. Rxe5 Qxe5 23. Re1 Qd4 24. Re8+ Kg7 25. Qg5 Qg1+ 26. Re1 Qxg5 27. Bxg5 Bd7
28. Rf1 f5 29. h4 Re8 30. Kd2 h6 31. Bf4 Be7 32. Be5+ Bf6 33. Bxf6+ Kxf6 34. a3
bxa3 35. b3 a4 36. b4 Rb8 37. c3 d4 38. Ra1 dxc3+ 39. Kxc3 g5 40. hxg5+ hxg5 41.
Rxa3 g4 42. Kc4 Bb5+ 43. Kc5 Bxd3 44. Rxd3 f4 45. b5 g3 {White resigns} 0-1

[Event "Team 45 45 League T68"]
[Site "Internet Chess Club"]
[Date "2016.03.20"]
[Round "2"]
[White "fkramer"]
[Black "hudson"]
[Result "0-1"]
[WhiteElo "1725"]
[BlackElo "1767"]
[Opening "King's Indian: London system"]
[ECO "A48"]
[Time "19:31:09"]
[TimeControl "2700+45"]

1. d4 Nf6 2. Nf3 g6 3. Bf4 d5 4. h3 c5 5. e3 Nc6 6. c3 Qb6 7. Qb3 c4 8. Qc2 Bf5
9. Qc1 Bg7 10. Nbd2 O-O 11. Be2 Qa5 12. O-O b5 13. a3 Qb6 14. Bh2 a5 15. Nh4 Bd7
16. Nhf3 b4 17. Ne5 Nxe5 18. Bxe5 Bf5 19. g4 Bd7 20. Bf3 Bc6 21. Re1 Nd7 22.
Bxg7 Kxg7 23. e4 dxe4 24. Bxe4 Bxe4 25. Rxe4 e6 26. Qf1 bxc3 27. bxc3 Qb2 28.
Qc1 Qb5 29. a4 Qc6 30. Qf1 Nf6 31. Re5 Nd5 32. Nxc4 Rfc8 33. Ne3 Nxc3 34. Rc5
Qf3 35. Rxc8 Rxc8 36. Qd3 Ne2+ 37. Kh2 Qxf2+ 38. Ng2 Rc3 39. Qd2 Rxh3+ 40. Kxh3
Qg3# {White checkmated} 0-1

[Event "Team 45 45 League T68"]
[Site "Internet Chess Club"]
[Date "2016.03.18"]
[Round "2"]
[White "wfjalet500"]
[Black "Yedixon"]
[Result "1-0"]
[WhiteElo "1823"]
[BlackElo "1645"]
[Opening "Petrov: Nimzovich attack"]
[ECO "C42"]
[Time "20:00:29"]
[TimeControl "2700+45"]

1. e4 e5 2. Nf3 Nf6 3. Nxe5 d6 4. Nf3 Nxe4 5. Nc3 Qe7 6. Be2 Nxc3 7. dxc3 Bf5 8.
O-O Nd7 9. Re1 O-O-O 10. Bc4 Ne5 11. Bf4 Nxf3+ 12. Qxf3 Qf6 13. Qe3 Qg6 14. Qxa7
Be4 15. Bf1 Qf5 16. Bg3 g5 17. Qd4 {Black resigns} 1-0

[Event "Team 45 45 League T68"]
[Site "Internet Chess Club"]
[Date "2016.03.18"]
[Round "2"]
[White "drsigmund1"]
[Black "DineshB"]
[Result "0-1"]
[WhiteElo "1489"]
[BlackElo "1234"]
[Opening "Queen's pawn game, Krause variation"]
[ECO "D02"]
[Time "18:00:34"]
[TimeControl "2700+45"]

1. d4 d5 2. Nf3 c5 3. c3 e6 4. Bf4 Nf6 5. e3 Bd6 6. Ne5 O-O 7. Bd3 c4 8. Bc2 Nc6
9. Nd2 Qc7 10. Ndf3 Ne4 11. Qe2 Na5 12. Bxe4 dxe4 13. Nd2 f6 14. Nexc4 Nxc4 15.
Qxc4 Bxf4 16. exf4 Qxf4 17. Qe2 f5 18. Nc4 b6 19. Qe3 Qxe3+ 20. fxe3 Ba6 21. Ne5
Rac8 22. Kd2 g5 23. g3 Rfd8 24. Rac1 Rc5 25. Ke1 Rc7 26. Rd1 Kg7 27. Rd2 h5 28.
h4 g4 29. Kf2 Bc4 30. b3 Bd5 31. c4 Bc6 32. Rhd1 Be8 33. d5 Kf6 34. Nc6 Bxc6 35.
dxc6 Rxd2+ 36. Rxd2 Ke7 37. Ke1 Rxc6 38. Rd4 a6 39. Kd2 e5 40. Rd5 Ke6 41. Kc3
Rd6 42. Rxd6+ Kxd6 43. b4 f4 44. exf4 {White resigns} 0-1

[Event "Team 45 45 League T68"]
[Site "Internet Chess Club"]
[Date "2016.03.18"]
[Round "2"]
[White "guyd52"]
[Black "Leon13"]
[Result "1/2-1/2"]
[WhiteElo "1346"]
[BlackElo "1269"]
[Opening "Réti opening"]
[ECO "A04"]
[Time "18:00:18"]
[TimeControl "2700+45"]

1. Nf3 d6 2. g3 e5 3. d3 Nf6 4. Bg2 Nc6 5. O-O Be7 6. e4 O-O 7. Nbd2 h6 8. b3
Bg4 9. Nc4 Nh7 10. Ne3 Be6 11. Qe1 Ng5 12. Nd5 Bf6 13. Nxf6+ Qxf6 14. Bxg5 hxg5
15. h3 g4 16. hxg4 Bxg4 17. Nh4 g6 18. f3 Be6 19. c3 Kg7 20. Kf2 Rh8 21. Rh1
Rag8 22. Qe3 Kf8 23. Raf1 g5 24. Nf5 Bxf5 25. exf5 Qxf5 26. Ke2 Ne7 27. c4 Qg6
28. Bh3 Nc6 29. f4 gxf4 30. gxf4 Nd4+ 31. Kd2 Qg3 32. fxe5 Qxe3+ 33. Kxe3 dxe5
34. Ke4 Rg5 35. Bc8 Rxh1 36. Rxh1 Kg7 37. Bxb7 Ne2 {Game drawn by mutual
agreement} 1/2-1/2

[Event "Team 45 45 League T68"]
[Site "Internet Chess Club"]
[Date "2016.03.18"]
[Round "2"]
[White "olivermx"]
[Black "stasis009"]
[Result "0-1"]
[WhiteElo "1358"]
[BlackElo "1281"]
[Opening "Ruy Lopez: Caro variation"]
[ECO "C70"]
[Time "17:00:35"]
[TimeControl "2700+45"]

1. e4 e5 2. Nf3 Nc6 3. Bb5 a6 4. Ba4 b5 5. Bb3 Nf6 6. d3 Bc5 7. O-O O-O 8. Bg5
h6 9. Bh4 g5 10. Bg3 d6 11. h3 Bd7 12. c3 Na5 13. Bc2 Bb6 14. d4 exd4 15. cxd4
Nh5 16. Qd3 Nxg3 17. fxg3 f5 18. Nc3 b4 19. Nd5 Bb5 20. Qd1 Bxf1 21. Nxb6 cxb6
22. Qxf1 Qf6 23. exf5 Qf7 24. Be4 Rae8 25. Bc2 b5 26. b3 Qf6 27. g4 Nc6 28. d5
Nd4 29. Nxd4 Qxd4+ 30. Kh1 Qxd5 31. Rd1 Qc6 32. Bd3 Qc7 33. Be2 Qc2 34. Bf3 Rf6
35. Rc1 Qxa2 36. Rc7 Qxb3 37. Qa1 Rf7 38. Rxf7 Kxf7 39. Qxa6 Qd3 40. Qb7+ Re7
41. Bd5+ Kf6 42. Qa8 Qf1+ 43. Kh2 Qf4+ 44. g3 Qf2+ 45. Bg2 Kg7 46. Qa1+ Re5 47.
Qa8 Re1 48. Qb7+ Kf6 49. h4 gxh4 50. Qf3 hxg3+ 51. Qxg3 Rh1+ {White resigns} 0-1

[Event "Team 45 45 League T68"]
[Site "Internet Chess Club"]
[Date "2016.03.18"]
[Round "2"]
[White "RD1974"]
[Black "krysto"]
[Result "1-0"]
[WhiteElo "1710"]
[BlackElo "1608"]
[Opening "French: King's Indian attack"]
[ECO "C00"]
[Time "18:02:40"]
[TimeControl "2700+45"]

1. e4 e6 2. d3 d5 3. Nd2 Nf6 4. Ngf3 c5 5. g3 Be7 6. Bg2 Nc6 7. c3 O-O 8. O-O b5
9. Re1 a5 10. e5 Nd7 11. h3 Ba6 12. b3 a4 13. c4 d4 14. Ne4 axb3 15. axb3 Qc7
16. Bf4 bxc4 17. bxc4 Bb7 18. Rb1 Nb4 19. Nd6 Bc6 20. Nxd4 Bxg2 21. Kxg2 Nxd3
22. Rb7 Nxe1+ 23. Qxe1 Qd8 24. Nc6 {Black resigns} 1-0

[Event "Team 45 45 League T68"]
[Site "Internet Chess Club"]
[Date "2016.03.18"]
[Round "2"]
[White "Berke"]
[Black "Bible-Believer"]
[Result "1-0"]
[WhiteElo "1541"]
[BlackElo "1433"]
[Opening "Scandinavian: Pytel-Wade variation"]
[ECO "B01"]
[Time "16:00:53"]
[TimeControl "2700+45"]

1. e4 d5 2. exd5 Qxd5 3. Nc3 Qd6 4. d4 Nf6 5. Nb5 Qd8 6. Bf4 Nd5 7. Bg3 a6 8.
Na3 b5 9. c4 Nb4 10. Nf3 Bf5 11. Be2 e6 12. O-O Bd6 13. Bxd6 Qxd6 14. c5 Qd5 15.
b3 O-O 16. Qd2 N4c6 17. Rad1 Nd7 18. Ng5 Nf6 19. Bf3 Ne4 20. Qe3 b4 21. Nxe4
{Black resigns} 1-0

[Event "Team 45 45 League T68"]
[Site "Internet Chess Club"]
[Date "2016.03.20"]
[Round "2"]
[White "chesskix"]
[Black "QuimCatala"]
[Result "1-0"]
[WhiteElo "1559"]
[BlackElo "1433"]
[Opening "English opening"]
[ECO "A15"]
[Time "14:00:26"]
[TimeControl "2700+45"]

1. c4 Nf6 2. Nf3 g6 3. Nc3 d6 4. d3 Bg7 5. g3 O-O 6. Bg2 e5 7. O-O c5 8. Rb1 a5
9. a4 Nc6 10. Ng5 Ne7 11. Nge4 Nxe4 12. Nxe4 f5 13. Nc3 Rb8 14. Nd5 Nc6 15. e3
Kh8 16. b3 Be6 17. Nc3 Ne7 18. Bb2 f4 19. exf4 exf4 20. Ne4 Bxb2 21. Rxb2 fxg3
22. fxg3 Nf5 23. Rbf2 Qe7 24. Qa1+ Nd4 25. Rxf8+ Rxf8 26. Rxf8+ Qxf8 27. Nd2 Qg7
28. Qe1 b6 29. Qe4 Qf6 30. Qa8+ Bg8 31. Qe4 Qe5 32. Qxe5+ dxe5 33. Kf2 Kg7 34.
Bd5 Bf7 35. Ke3 Bxd5 36. cxd5 Kf7 37. Ke4 Kf6 38. h4 h5 39. Nc4 Nxb3 40. Nxb6
Nd2+ 41. Ke3 Nf1+ 42. Kf2 Nh2 43. Nd7+ Ke7 44. Nxe5 Kd6 45. Nxg6 Ng4+ 46. Ke2
Kxd5 47. Nf4+ Kd4 48. Nxh5 Ne5 49. Nf4 c4 50. dxc4 Kxc4 51. h5 Ng4 52. Nd3 Kb3
53. Kd2 Kxa4 54. Kc2 Ka3 55. Kb1 Kb3 56. Nf2 Nh6 57. g4 a4 58. g5 Ng8 59. h6 a3
60. h7 a2+ 61. Ka1 Ne7 62. h8=Q Nd5 63. Qb2+ {Black resigns} 1-0

[Event "Team 45 45 League T68"]
[Site "Internet Chess Club"]
[Date "2016.03.20"]
[Round "2"]
[White "tamky70"]
[Black "kingsrook"]
[Result "1-0"]
[WhiteElo "1347"]
[BlackElo "1341"]
[Opening "Queen's gambit declined"]
[ECO "D30"]
[Time "13:30:52"]
[TimeControl "2700+45"]

1. d4 d5 2. c4 e6 3. e3 c5 4. Nf3 Nf6 5. Nc3 Nc6 6. g3 Be7 7. Bg2 O-O 8. O-O b6
9. Ne5 Bb7 10. Nxc6 Bxc6 11. cxd5 exd5 12. Re1 Re8 13. Bd2 Qd7 14. h3 Rac8 15.
Kh2 Ne4 16. Nxe4 dxe4 17. dxc5 Bxc5 18. Bc3 Rcd8 19. Qxd7 Rxd7 20. Bf1 Red8 21.
Be2 g6 22. Red1 a5 23. Rxd7 Rxd7 24. Rd1 Rxd1 25. Bxd1 Kf8 26. a4 Ke7 27. Kg2 f6
28. Kf1 Kd6 29. Bxf6 Bb4 30. Bd4 Bc5 31. Bg7 Bb4 32. Bb3 Bd5 33. Bd1 Bc4+ 34.
Kg2 Bd5 35. Bd4 Bc5 36. Bf6 Ke6 37. Bc3 Bb4 38. Bd4 Bc5 39. Bg7 Kf7 40. Bh8 Ke6
41. Bc3 Bb4 42. Bd4 Bc5 43. Bh8 Bb4 44. Bd4 Bc5 45. Bg7 Bb4 46. Bg4+ Kf7 47. Bd4
Bc5 48. Bxc5 bxc5 49. Kf1 Bb3 50. Bd7 Ke7 51. Bb5 Kd6 52. Ke2 Kd5 53. Kd2 Bc4
54. Be8 Bb3 55. Bf7+ Kd6 56. Bxb3 Ke5 57. Kc3 Kd6 58. Kc4 h6 59. Bc2 {Black
resigns} 1-0

[Event "Team 45 45 League T68"]
[Site "Internet Chess Club"]
[Date "2016.03.21"]
[Round "2"]
[White "fireball"]
[Black "az2112"]
[Result "1-0"]
[WhiteElo "1567"]
[BlackElo "1569"]
[Opening "Sicilian: Smith-Morra gambit"]
[ECO "B21"]
[Time "21:04:35"]
[TimeControl "2700+45"]

1. e4 c5 2. d4 cxd4 3. c3 dxc3 4. Nxc3 e6 5. Nf3 Nf6 6. e5 Ng8 7. Bc4 d5 8. Bb3
Bb4 9. O-O Ne7 10. Bg5 O-O 11. Qd4 Nbc6 12. Qh4 Bxc3 13. bxc3 Nxe5 14. Bxe7
{Black resigns} 1-0

[Event "Team 45 45 League T68"]
[Site "Internet Chess Club"]
[Date "2016.03.18"]
[Round "2"]
[White "ChessMaine"]
[Black "mongmong"]
[Result "1-0"]
[WhiteElo "1514"]
[BlackElo "1520"]
[Opening "Queen's pawn"]
[ECO "A40"]
[Time "21:04:37"]
[TimeControl "2700+45"]

1. d4 e6 2. e3 f5 3. Nd2 Nf6 4. c4 Bb4 5. a3 Bxd2+ 6. Qxd2 O-O 7. Bd3 b6 8. Ne2
Bb7 9. f3 Nc6 10. Qc2 Ne7 11. Bd2 d6 12. O-O-O Qd7 13. Rhg1 a6 14. Rdf1 b5 15.
g4 bxc4 16. Bxc4 Bd5 17. Bxd5 Nfxd5 18. gxf5 exf5 19. e4 fxe4 20. Bh6 Ng6 21.
Qxe4 Nf6 22. Qd3 gxh6 23. Nf4 Kh8 24. Nxg6+ hxg6 25. Rxg6 Nh7 26. Rxh6 Qf5 27.
Rxh7+ Qxh7 28. Qb3 Qh6+ 29. Kb1 Rab8 30. Qc3 Qg6+ 31. Ka1 Rbc8 32. d5+ Qf6 33.
Qd2 Rb8 34. Rf2 Rf7 35. Rg2 Rg7 36. Rf2 Rbg8 37. Ka2 Qg5 38. Qa5 Qg1 39. Rc2 Qf2
40. Rxf2 {Black resigns} 1-0

[Event "Team 45 45 League T68"]
[Site "Internet Chess Club"]
[Date "2016.03.23"]
[Round "2"]
[White "Gilguli"]
[Black "seattleblues"]
[Result "1-0"]
[WhiteElo "1487"]
[BlackElo "1342"]
[Opening "King's Indian defense, 3.Nc3"]
[ECO "E61"]
[Time "00:31:34"]
[TimeControl "2700+45"]

1. d4 Nf6 2. c4 g6 3. Nc3 Bg7 4. Nf3 O-O 5. b3 d6 6. Ba3 c5 7. dxc5 Qa5 8. Qc1
Ne4 9. b4 Bxc3+ 10. Qxc3 Nxc3 11. bxa5 dxc5 12. Bxc5 Re8 13. e3 Ne4 14. Bb4 Nc6
15. a3 Bg4 16. Be2 Rad8 17. O-O Nxb4 18. axb4 Bxf3 19. Bxf3 Nd2 20. Rfd1 Nxf3+
21. gxf3 Rc8 22. c5 b6 23. axb6 axb6 24. cxb6 Rc6 25. b7 Rb8 26. Ra8 {Black
resigns} 1-0

[Event "Team 45 45 League T68"]
[Site "Internet Chess Club"]
[Date "2016.03.21"]
[Round "2"]
[White "JohLeb"]
[Black "Toalla"]
[Result "1/2-1/2"]
[WhiteElo "1356"]
[BlackElo "1271"]
[Opening "QGD: 4.Nf3"]
[ECO "D37"]
[Time "14:05:14"]
[TimeControl "2700+45"]

1. d4 d5 2. c4 e6 3. Nc3 Nf6 4. Nf3 Be7 5. e3 Nbd7 6. Bd3 O-O 7. O-O c5 8. b3 b6
9. Qc2 Bb7 10. cxd5 exd5 11. Bb2 Re8 12. Ng5 Nf8 13. Ne2 h6 14. Nf3 Bd6 15. Rac1
Rc8 16. Qb1 Ne4 17. Nc3 f5 18. Rc2 c4 19. bxc4 dxc4 20. Bxe4 fxe4 21. Nd2 Qd7
22. Qd1 Nh7 23. f4 exf3 24. Nxf3 Be4 25. Nxe4 Rxe4 26. Qe2 b5 27. Rd1 Rce8 28.
Ne5 Bxe5 29. dxe5 Qg4 30. Qxg4 Rxg4 31. Bd4 a6 32. Rf1 Rf8 33. h3 Rxf1+ 34. Kxf1
Re4 35. Rc3 Nf8 36. Kf2 Ne6 37. Kf3 Ng5+ 38. Kg3 Ne6 39. Kf3 Ng5+ 40. Kg3 Ne6
{Game drawn by mutual agreement} 1/2-1/2

[Event "Team 45 45 League T68"]
[Site "Internet Chess Club"]
[Date "2016.03.22"]
[Round "2"]
[White "ausya"]
[Black "cayo89"]
[Result "0-1"]
[WhiteElo "1704"]
[BlackElo "1672"]
[Opening "QP counter-gambit: Maroczy gambit"]
[ECO "C40"]
[Time "19:03:14"]
[TimeControl "2700+45"]

1. e4 e5 2. Nf3 d5 3. exd5 Bd6 4. d4 e4 5. Ne5 c6 6. dxc6 Bxe5 7. cxb7 Bxb7 8.
dxe5 Qxd1+ 9. Kxd1 Nc6 10. Bb5 Ne7 11. Nc3 O-O 12. Bf4 Rad8+ 13. Kc1 Nd4 14. Rd1
Ne6 15. Bg3 Nf5 16. b3 Rxd1+ 17. Nxd1 Rd8 18. c3 h5 19. h3 h4 20. Bh2 e3 21. f3
Nc5 22. Bg1 Nd3+ 23. Bxd3 Rxd3 24. Kc2 Rd2+ 25. Kc1 Re2 26. Nxe3 Nxe3 27. Bxe3
Rxe3 28. Kd2 Rxe5 29. Rf1 Kf8 30. c4 Ke7 31. Kd3 Ke6 32. Rf2 Re1 33. Rc2 Ke5 34.
b4 a6 35. Kd2 Rb1 36. Kc3 Re1 37. a4 Re3+ 38. Kb2 Kd4 39. c5 Bc6 40. a5 Ba4 41.
Rd2+ Rd3 42. Re2 Rb3+ 43. Ka2 Rd3 44. Re7 Re3 45. Ra7 Bb5 46. c6 Bxc6 47. Rxa6
Bd5+ 48. Kb2 Rb3+ 49. Kc2 Rxb4 50. Rd6 Kc5 51. Rd8 Ra4 52. Rg8 g6 53. Rh8 Rxa5
54. Rxh4 Ra2+ 55. Kd3 Rxg2 56. Ke3 Rg3 57. Rf4 Rxh3 58. Ke2 Bxf3+ 59. Kf2 Bd5
60. Ke2 Kd6 61. Rf6+ Ke7 62. Rb6 Be6 63. Kf2 f5 64. Kg2 Rb3 65. Ra6 g5 66. Ra5
Kf6 67. Kf2 g4 68. Ra6 f4 69. Ra4 Rb2+ 70. Kf1 Kg5 71. Ra8 f3 72. Ra7 g3 73.
Rg7+ Kf4 74. Kg1 Rb1# {White checkmated} 0-1

[Event "Team 45 45 League T68"]
[Site "Internet Chess Club"]
[Date "2016.03.20"]
[Round "2"]
[White "elessar"]
[Black "Elton2013"]
[Result "0-1"]
[WhiteElo "1669"]
[BlackElo "1764"]
[Opening "Ruy Lopez: Schliemann defense"]
[ECO "C63"]
[Time "19:31:05"]
[TimeControl "2700+45"]

1. e4 e5 2. Nf3 Nc6 3. Bb5 f5 4. Bxc6 dxc6 5. Nc3 Nf6 6. Qe2 Bd6 7. d3 O-O 8. h3
fxe4 9. dxe4 Qe7 10. Bd2 a5 11. O-O Nh5 12. Bg5 Qf7 13. Qe3 Nf4 14. Bxf4 exf4
15. Qd3 Qh5 16. Kh2 Rf6 17. Ng1 Rh6 18. Qf3 Bg4 19. Qd3 f3+ 20. g3 Bxh3 21. Qxf3
Bg4+ {White resigns} 0-1

[Event "Team 45 45 League T68"]
[Site "Internet Chess Club"]
[Date "2016.03.18"]
[Round "2"]
[White "moodle"]
[Black "Hal2001"]
[Result "0-1"]
[WhiteElo "1606"]
[BlackElo "1687"]
[Opening "Robatsch defense"]
[ECO "B06"]
[Time "09:03:47"]
[TimeControl "2700+45"]

1. e4 g6 2. d4 Bg7 3. Nc3 c5 4. d5 d6 5. Be3 a6 6. Nf3 b5 7. Qc1 Nd7 8. g3 Bxc3+
9. bxc3 Ndf6 10. Be2 Nxe4 11. c4 b4 12. Bf1 Bd7 13. Bg2 Nc3 14. Bd2 Ne4 15. O-O
Nxd2 16. Qxd2 Rb8 17. Rab1 Bf5 18. Rfe1 e6 19. Nh4 Qf6 20. Re3 e5 21. Rbe1 Ne7
22. Nxf5 Nxf5 23. R3e2 O-O 24. Bh3 Nd4 25. Re3 Nf3+ 26. Rxf3 Qxf3 27. Re3 Qf6
28. Qe2 Rb7 29. Rf3 Qe7 30. Qe3 Kg7 31. Kf1 h6 32. Qe4 Qg5 33. Re3 f5 34. Qd3 e4
35. Qe2 Re7 36. f4 Qf6 37. Kf2 a5 38. Qd2 Qb2 39. Bf1 Qxa2 40. Kg1 Qb2 41. Be2
Qd4 42. Qc1 a4 43. Kf1 Ra7 44. c3 Qxe3 45. Qxe3 b3 46. Qc1 a3 {White resigns}
0-1

[Event "Team 45 45 League T68"]
[Site "Internet Chess Club"]
[Date "2016.03.20"]
[Round "2"]
[White "Constrictor"]
[Black "mattwang"]
[Result "1-0"]
[WhiteElo "1614"]
[BlackElo "1447"]
[Opening "Bird's opening"]
[ECO "A02"]
[Time "15:00:47"]
[TimeControl "2700+45"]

1. f4 Nc6 2. Nf3 d6 3. e4 e5 4. Bc4 Bg4 5. Bxf7+ Kxf7 6. Ng5+ Ke8 7. Qxg4 Nf6 8.
Qe6+ Qe7 9. Qxe7+ Bxe7 10. d3 Nd4 11. Na3 d5 12. c3 Nc6 13. Nb5 Rc8 14. exd5
Nxd5 15. fxe5 Nxe5 16. O-O a6 17. Nd4 Nxd3 18. Ne4 c5 19. Nf5 Rf8 20. Nxe7 Rxf1+
21. Kxf1 Kxe7 22. Bg5+ Kd7 23. Rd1 c4 24. Kg1 Kc6 25. Bc1 Re8 26. Ng5 h6 27. Nf3
Re2 28. Nd4+ Kb6 29. Nxe2 Nf6 30. Nf4 Ne5 31. Nd5+ Nxd5 32. Rxd5 Nd3 33. Rxd3
cxd3 34. Kf2 Kc5 35. Ke3 Kc4 36. h4 b5 37. Bd2 {Black resigns} 1-0

[Event "Team 45 45 League T68"]
[Site "Internet Chess Club"]
[Date "2016.03.19"]
[Round "2"]
[White "CottageGuy"]
[Black "modiglani"]
[Result "1-0"]
[WhiteElo "1706"]
[BlackElo "1899"]
[Opening "Scandinavian defense"]
[ECO "B01"]
[Time "07:01:06"]
[TimeControl "2700+45"]

1. e4 d5 2. exd5 Nf6 3. d4 Bg4 4. Bb5+ Nbd7 5. f3 Bf5 6. Nc3 a6 7. Ba4 b5 8. Bb3
Nb6 9. Nge2 Nfxd5 10. Nxd5 Nxd5 11. Ng3 Bc8 12. O-O e6 13. a4 Rb8 14. axb5 axb5
15. Ne4 Be7 16. Re1 O-O 17. c3 Bb7 18. Qd3 Nf6 19. Nxf6+ Bxf6 20. Bc2 g6 21. Bf4
Bd5 22. Ra7 Bc4 23. Qe3 Rc8 24. Rb7 Qd7 25. Ra7 b4 26. Rea1 b3 27. Be4 Rfe8 28.
Bb7 Rb8 29. Be5 Bxe5 30. Qxe5 Qd6 31. R1a5 Qxe5 32. Rxe5 Re7 33. Rc5 Bd3 34. Be4
Bc2 35. Rcxc7 Rxc7 36. Rxc7 Rb6 37. Ra7 f5 38. Ba8 Bd3 39. Kf2 Bc4 40. Ra4 Bd3
41. c4 Kg7 42. c5 Rb8 43. Ra7+ Kf6 44. Bb7 Rd8 45. c6 Rxd4 46. c7 Bc4 47. c8=Q
Rd2+ 48. Kg3 f4+ 49. Kxf4 e5+ 50. Kg3 Bf1 51. Qf8+ {Black resigns} 1-0

[Event "Team 45 45 League T68"]
[Site "Internet Chess Club"]
[Date "2016.03.20"]
[Round "2"]
[White "julesraider"]
[Black "Fianchettoed"]
[Result "1/2-1/2"]
[WhiteElo "1596"]
[BlackElo "1677"]
[Opening "Benkö gambit accepted"]
[ECO "A58"]
[Time "12:00:25"]
[TimeControl "2700+45"]

1. d4 Nf6 2. c4 c5 3. d5 b5 4. cxb5 a6 5. bxa6 g6 6. Nc3 Bxa6 7. g3 d6 8. Bg2
Bg7 9. Nf3 Nbd7 10. Rb1 O-O 11. O-O Qa5 12. Qc2 Rfb8 13. b3 Ne8 14. Bb2 Nc7 15.
Rfd1 Nb5 16. Nxb5 Bxb2 17. Rxb2 Qxb5 18. e4 Qb4 19. Bf1 f6 20. Kg2 Nb6 21. Nd2
Bxf1+ 22. Rxf1 Ra3 23. Rc1 Rba8 24. Nb1 R3a7 25. a3 Qa5 26. b4 cxb4 27. Rxb4 Rc8
28. Qb2 Rb8 29. Rc6 Rab7 30. Qb3 Kf7 31. Nc3 Qa6 32. h4 Qd3 33. Rbxb6 Rxb6 34.
Rxb6 Rxb6 35. Qxb6 Qxc3 36. Qb4 Qd3 37. a4 Ke8 38. a5 Qa6 39. Qa4+ Kd8 40. g4 h6
41. Qb4 Kc7 42. Qc3+ Kd7 43. Kg3 Qb5 44. f3 g5 45. hxg5 hxg5 46. f4 gxf4+ 47.
Kxf4 Qf1+ 48. Kg3 Qg1+ 49. Kf4 Qf1+ 50. Qf3 Qa1 51. Qb3 Qf1+ {Game drawn by
mutual agreement} 1/2-1/2

[Event "Team 45 45 League T68"]
[Site "Internet Chess Club"]
[Date "2016.03.19"]
[Round "2"]
[White "Chesstime2016"]
[Black "KidRattler"]
[Result "1-0"]
[WhiteElo "1443"]
[BlackElo "1602"]
[Opening "Three knights game"]
[ECO "C46"]
[Time "19:45:04"]
[TimeControl "2700+45"]

1. e4 e5 2. Nf3 Nc6 3. Nc3 Bc5 4. d3 Nf6 5. Bg5 d6 6. Be2 O-O 7. Nd5 Be6 8.
Nxf6+ gxf6 9. Bh6 Re8 10. O-O Ne7 11. d4 exd4 12. Nxd4 Ng6 13. Nxe6 fxe6 14. Kh1
Kf7 15. Bh5 Ke7 16. f4 Rg8 17. f5 exf5 18. exf5 Ne5 19. Qd5 Qd7 20. Rae1 Kd8 21.
Qxg8+ Ke7 22. Qxa8 Qd8 23. Qxd8+ Kxd8 24. g4 b5 25. g5 fxg5 26. Bxg5+ Kc8 27. f6
b4 28. f7 Nxf7 29. Bxf7 b3 30. axb3 h6 31. Bxh6 d5 32. Bxd5 a5 33. Bc6 Kb8 34.
Bf4 Bf2 35. Rxf2 a4 36. bxa4 Ka7 37. Bxc7 Ka6 38. Re5 Ka7 39. Ra5# {Black
checkmated} 1-0

[Event "Team 45 45 League T68"]
[Site "Internet Chess Club"]
[Date "2016.03.20"]
[Round "2"]
[White "FosterChess"]
[Black "TwinsburgOHUSA"]
[Result "0-1"]
[WhiteElo "1415"]
[BlackElo "1411"]
[Opening "Caro-Kann: classical variation"]
[ECO "B18"]
[Time "15:30:52"]
[TimeControl "2700+45"]

1. e4 c6 2. d4 d5 3. Nc3 dxe4 4. Nxe4 Bf5 5. Ng3 Bg6 6. Nf3 Nd7 7. Be2 Ngf6 8.
O-O e6 9. Bg5 Be7 10. Ne5 Nxe5 11. dxe5 Nd5 12. Bxe7 Qxe7 13. c4 Nb6 14. b3 Rd8
15. Qc1 O-O 16. Rd1 Nd7 17. Qb2 Qg5 18. Rd2 Nxe5 19. Rf1 {White resigns} 0-1